Elbereth, lawful female human Valkyrie ---------- ----- ----- |........| |.... ------ |....###### |........| |`..| |@%..| |...| ####*........| |.>..# |S..f| |.(.| ####|........| --|--# ||...| |...| .........| # |....-# --.-- -|-----+-- # --.---# ## # # ## # # # ### # # # # # # # # ## # # ###---|---- --.------- ### # #.......|# |..<.....| # # |.......### |.....{..| ###---|- |......| # |......... #-...| |......-## ---------- |...| |......| |...| -------- ----- Elbereth the Skirmisher Experience level: 5 Strength: 15 Dexterity: 15 Constitution: 18 Intelligence: 9 Wisdom: 11 Charisma: 9 Health: 0(46) Energy: 17(17) Def: 12 Gold: 492 Moves: 1336 Dungeon seed: I6whT3-TbIhmE9E- Game ID: Elbereth_1607682878 Your Inventory: Coins $ - 492 gold pieces Weapons a - a cursed thoroughly rusty +1 long sword (weapon in hand) b - a +0 dagger f - 11 blessed +2 darts Armor e - a blessed +3 small shield (being worn) n - an uncursed +0 plate mail (being worn) q - an uncursed +0 orcish helm (being worn) Comestibles c - an uncursed food ration Tools h - 7 uncursed tallow candles (0:200) j - a +0 pick-axe Spells and supernatural/magical abilities: Name Level Category Fail Memory W - pray for help -- divine ? -- Your skills at the end: Fighting Skills Weapon Skills dagger [Basic] long sword [Basic] Spellcasting Skills Final Attributes: You were piously aligned. You were cold resistant. You were poison resistant. You were stealthy. You are dead. Vanquished creatures: a gnome king 2 water moccasins a shrieker 2 gnome lords a kobold mummy a black naga hatchling a hobgoblin 2 giant rats a yellow mold 12 gnomes a jackal a kobold a goblin 2 sewer rats 4 grid bugs 3 lichens a kobold zombie 4 newts 41 creatures vanquished. Voluntary challenges: You were an atheist. You used a wielded weapon 60 times, starting on turn 76. You read items or engraved 1 time, starting on turn 227. You never genocided any monsters. You never polymorphed an object. You never changed form. You used no wishes. You never split a pudding. You never wrote Elbereth's name. You never violated your personal moral code. Dungeon overview: The Dungeons of Doom: levels 1 to 3 Level 1 <- You were here some fountains a long staircase Level 2 Level 3 stairs to The Gnomish Mines The Gnomish Mines: levels 4 to 5 Level 4 stairs to The Dungeons of Doom Level 5 History has recorded: On T:1 you entered the Dungeons of Doom to retrieve the Amulet of Yendor! On T:225 you reached level 2 of The Dungeons of Doom. On T:514 you reached level 3 of The Dungeons of Doom. On T:562 you advanced to experience level 2. On T:712 you reached level 1 of The Gnomish Mines. On T:735 you advanced to experience level 3. On T:773 you advanced to experience level 4. On T:1086 you reached level 2 of The Gnomish Mines. On T:1100 you advanced to experience level 5. Score breakdown: Gold: 492 ( 9160 points) Experience: 5 levels (11141 points) Exploration: 5 levels ( 10.64%) ( 8846 points) Discoveries: 2 items ( 0.81%) ( 2705 points) Valuables value: (no points given unless you survive) Artifact value: 0 ( 0 points) Variety of kills: 18 monsters ( 4.72%) ( 6520 points) Turncount: 1336 turns ( 0 points) Survival: died (score multiplied by 80%) Total score: 30697 Latest messages: The kitten misses the water moccasin. You kill the water moccasin! The water moccasin misses. The water moccasin bites! The kitten misses the water moccasin. The water moccasin bites! (2x) The kitten misses the water moccasin. You miss the water moccasin. The water moccasin bites! (2x) The kitten misses the water moccasin. You miss the water moccasin. The water moccasin misses. The water moccasin bites! The kitten misses the water moccasin. (2x) You hit the water moccasin. The water moccasin misses. The water moccasin bites! The kitten bites the water moccasin. The water moccasin misses the kitten. You kill the water moccasin! The water moccasin bites! (2x) You die... Final status: Farvel Elbereth the Valkyrie, killed by a water moccasin... You died in The Dungeons of Doom on dungeon level 1 with 30697 points, and 492 pieces of gold, after 1336 moves. You were level 5 with a maximum of 46 hit points when you died.